 Dungeon Crawl Stone Soup version 0.18-a0-1713-g50a528e (webtiles) character file.

1278 Gottschkopf the Conjurer (level 8, -1/57 HPs)
             Began as a Black Draconian Conjurer on Apr 7, 2016.
             Shot with an arrow of dispersal by a centaur (12 damage)
             ... on level 7 of the Dungeon.
             The game lasted 00:29:43 (5816 turns).

Gottschkopf the Conjurer (Black Draconian Conjurer) Turns: 5816, Time: 00:29:44

Health: -1/57      AC: 10    Str: 11    XL:     8   Next: 29%
Magic:  2/15       EV: 12    Int: 18    God:
Gold:   355        SH:  0    Dex: 14    Spells: 4 memorised, 6 levels left

rFire  . . .     SeeInvis .     x - +2 dagger (venom)
rCold  . . .     Gourm    .     (armour unavailable)
rNeg   . . .     Faith    .     (no shield)
rPois  .         Spirit   .     (helmet restricted)
rElec  +         Dismiss  .     d - +0 cloak
rCorr  +         Reflect  .     u - +2 pair of gloves
SustAt .         Harm     .     (no boots)
MR     .....                    (no amulet)
Stlth  ++........               l - ring of resist corrosion
                                f - +3 ring of dexterity

@: not resistant to hostile enchantments, unstealthy
A: breathe lightning, unfitting armour, electricity resistance, cold-blooded, AC
+6
a: Breathe Lightning


You were on level 7 of the Dungeon.
You were very hungry.

You visited 1 branch of the dungeon, and saw 7 of its levels.

You collected 355 gold pieces.

Inventory:

Hand Weapons
 j - a +3 dagger
 x - a +2 dagger of venom (weapon)
Armour
 d - a +0 cloak (worn)
 u - a +2 pair of gloves (worn)
Jewellery
 f - a +3 ring of dexterity (left hand)
 l - a ring of resist corrosion (right hand)
Wands
 t - a wand of paralysis (11/24)
Scrolls
 e - 4 scrolls of identify
 o - a scroll of vulnerability {unknown}
 r - a scroll of blinking
 v - 3 scrolls of recharging
Potions
 c - a potion of resistance
 g - 2 potions of cancellation {unknown}
 i - a potion of curing
 n - 2 potions of agility {unknown}
 p - a potion of heal wounds
 q - 2 potions of haste
 w - a potion of flight {unknown}
 z - a potion of beneficial mutation {unknown}
 A - a potion of might {unknown}
 D - a potion of cure mutation {unknown}
 E - a potion of brilliance {unknown}
Books
 a - a book of Conjurations

   Spells                             Type                      Level
   a - Magic Dart                     Conjuration                  1
   b - Searing Ray                    Conjuration                  2
   c - Dazzling Spray                 Conjuration/Hexes            3
   d - Fulminant Prism                Conjuration/Hexes            4
   e - Iskenderun's Mystic Blast      Conjuration                  4
   f - Iskenderun's Battlesphere      Conjuration/Charms           5
 m - a book of Envenomations

   Spells                             Type                      Level
   a - Spider Form                    Transmutation/Poison         3
   b - Olgreb's Toxic Radiance        Poison                       4
   c - Alistair's Intoxication        Transmutation/Poison         5
   d - Poisonous Cloud                Conjuration/Poison/Air       6
 C - a book of Air

   Spells                             Type                      Level
   a - Shock                          Conjuration/Air              1
   b - Swiftness                      Charms/Air                   2
   c - Repel Missiles                 Charms/Air                   2
   d - Static Discharge               Conjuration/Air              3
   e - Lightning Bolt                 Conjuration/Air              5
Comestibles
 b - 4 bread rations
 h - 6 fruits
 k - a royal jelly
 s - 2 meat rations
 B - a beef jerky


   Skills:
 - Level 0.6 Short Blades
 - Level 1.7 Dodging
 - Level 1.7 Stealth
 + Level 4.6 Spellcasting
 + Level 7.8 Conjurations
 - Level 5.0 Hexes


You had 6 spell levels left.
You knew the following spells:

 Your Spells              Type           Power        Failure   Level  Hunger
a - Magic Dart            Conj           ####         1%          1    None
b - Searing Ray           Conj           ####..       1%          2    #......
c - Dazzling Spray        Conj/Hex       ####....     2%          3    ###....
d - Fulminant Prism       Conj/Hex       ####......   12%         4    ####...


Dungeon Overview and Level Annotations

Branches:
Dungeon (7/15)
 Temple: D:4-7

Altars:
Gozag
Makhleb
Sif Muna
Zin

Shops:
D:4 =   D:7 *


Innate Abilities, Weirdness & Mutations

You can breathe wild blasts of lightning.
Your glossy black scales are hard (AC +6).
Your body does not fit into most forms of armour.
You are resistant to electric shocks.
You are cold-blooded and may be slowed by cold attacks.


Message History

Press: ? - help, Shift-Dir - straight line, f - scorpion
Aim: a scorpion The magic dart hits the scorpion.
The scorpion is lightly wounded.
The centaur shoots an arrow of dispersal.
The arrow of dispersal hits you!
* * * LOW HITPOINT WARNING * * *
You blink.
Your fulminant prism crackles loudly.
Casting: Magic Dart
Confirm with . or Enter, or press ? or * to list all spells.
Aiming: Magic Dart
Press: ? - help, Shift-Dir - straight line, f/p - scorpion
Aim: a scorpion (lightly wounded)
The magic dart hits the scorpion.
The scorpion is lightly wounded.
The kobold throws a stone.
The stone hits you but does no damage.
The centaur shoots an arrow of dispersal.
The arrow of dispersal hits you!
You die...

######## #
##......###########.
#..@.....#.).∩......
#.................##
#.................#
#........##....<.##
#........P###....#
#...)....(PP###..#
#s.......♣K.PP####
#..c*....#P..P
#........#....


You could see a centaur, a scorpion, a kobold and a friendly fulminant prism.

Vanquished Creatures
  Sigmund (D:3)
  An orc warrior (D:5)
  A sky beast (D:5)
  An ogre (D:4)
  3 scorpions
  A jelly (D:5)
  A wight (D:6)
  3 crimson imps (D:5)
  A giant frog zombie (D:6)
  An orc priest (D:5)
  A centaur skeleton (D:7)
  3 orc wizards (D:5)
  3 worker ants
  4 gnolls
  7 adders
  3 shadow imps (D:5)
  An ooze (D:2)
  3 worms
  4 dart slugs
  3 giant geckos
  22 orcs
  A ball python (D:1)
  8 bats
  8 giant cockroaches
  9 goblins
  6 hobgoblins
  15 jackals
  5 kobolds
  3 quokkas
  6 giant newts
  A quokka skeleton (D:6)
  7 rats
137 creatures vanquished.

Vanquished Creatures (others)
  8 fulminant prisms
8 creatures vanquished.

Grand Total: 145 creatures vanquished

Notes
Turn   | Place    | Note
--------------------------------------------------------------
     0 | D:1      | Gottschkopf the Draconian Conjurer began the quest for the Orb.
     0 | D:1      | Reached XP level 1. HP: 14/14 MP: 3/3
   318 | D:1      | Reached XP level 2. HP: 20/20 MP: 0/5
   322 | D:1      | Learned a level 2 spell: Searing Ray
  1169 | D:2      | Reached XP level 3. HP: 26/26 MP: 0/6
  1174 | D:2      | Learned a level 3 spell: Dazzling Spray
  1229 | D:2      | Reached skill level 5 in Conjurations
  1775 | D:2      | Reached XP level 4. HP: 33/33 MP: 2/7
  2167 | D:3      | Reached skill level 1 in Hexes
  2292 | D:3      | Noticed Sigmund
  2318 | D:3      | Killed Sigmund
  2318 | D:3      | Reached skill level 6 in Conjurations
  2318 | D:3      | Reached XP level 5. HP: 34/38 MP: 4/8
  2318 | D:3      | Reached XP level 6. HP: 41/45 MP: 4/9
  2328 | D:3      | Learned a level 4 spell: Fulminant Prism
  3193 | D:4      | Found a burning altar of Makhleb.
  3607 | D:4      | Found Ciabacw's Jewellery Emporium.
  3662 | D:4      | Your scales start taking on a glossy black colour.
  3662 | D:4      | Reached XP level 7. HP: 50/50 MP: 5/10
  3662 | D:4      | Gained mutation: You are resistant to electric shocks. [Black Draconian growth]
  3810 | D:5      | Entered Level 5 of the Dungeon
  3982 | D:5      | Reached skill level 5 in Hexes
  4485 | D:5      | Reached skill level 7 in Conjurations
  4795 | D:5      | Found an opulent altar of Gozag.
  4796 | D:5      | Found a glowing silver altar of Zin.
  5075 | D:5      | Reached XP level 8. HP: 57/57 MP: 8/13
  5421 | D:5      | Found a deep blue altar of Sif Muna.
  5712 | D:7      | Found Cebass's General Store.
  5816 | D:7      | Shot with an arrow of dispersal by a centaur

Vault maps used:
D:1:      lemuel_arrival_room, st_stairs_14
D:3:      uniq_sigmund
D:4:      corexii_shack_village, nicolae_overflow_crystal_walls, serial_shops,
          nicolae_shop_trees, first_bread
D:5:      lemuel_blue_sif_altar, grunt_temple_overflow_gold_and_silver,
          serial_glass, glass_columns_b, glass_columns_b, serial_bayou_pond_c
D:6:      temple_pool_b
D:7:      kennysheep_kobold_camp, serial_shops, shop, shop_fountains,
          uniq_crazy_yiuf_cottage

Skill      XL: |  1  2  3  4  5  6  7  8 |
---------------+-------------------------+-----
Conjurations   | 5 6 7 |  7.8
Hexes          | 2 4 5 |  5.0
Spellcasting   | 3 4 |  4.6
Short Blades   | |  0.6
Dodging        | |  1.7
Stealth        | |  1.7

Action                   |  1- 3 |  4- 6 |  7- 9 || total
-------------------------+-------+-------+-------++-------
Melee: Unarmed           |    65 |       |       ||    65
       Dagger            |     6 |    83 |   120 ||   209
 Cast: Magic Dart        |    68 |    50 |   108 ||   226
       Searing Ray       |       |    15 |     1 ||    16
       Dazzling Spray    |       |     2 |     3 ||     5
       Fulminant Prism   |       |       |     9 ||     9
  Use: Scroll            |       |    14 |     4 ||    18
 Stab: Sleeping          |     1 |     3 |       ||     4
  Eat: Chunk             |     4 |     7 |     8 ||    19
